 Dungeon Crawl Stone Soup version 0.25-a0-322-g3677130cb1 (webtiles) character file.

Game seed: 9339278336603592032, levelgen mode: deterministic

15 wullow the Shield-Bearer (level 2, 0/24 HPs)
             Began as a Human Fighter on Dec 27, 2019.
             Slain by Sigmund
             ... wielding a +0 scythe
              (8 damage)
             ... on level 2 of the Dungeon.
             The game lasted 00:01:15 (630 turns).

wullow the Shield-Bearer (Human Fighter)             Turns: 630, Time: 00:01:15

Health: 0/24       AC:  6    Str: 16    XL:     2   Next: 65%
Magic:  2/2        EV:  6    Int:  8    God:
Gold:   26         SH:  9    Dex: 12    Spells: 1/1 levels left

rFire    . . .     SeeInvis .   a - +0 rapier
rCold    . . .     Gourm    .   c - +0 shield
rNeg     . . .     Faith    .   b - +0 scale mail
rPois    .         Spirit   .   (no helmet)
rElec    .         Reflect  .   (no cloak)
rCorr    .         Harm     .   (no gloves)
MR       .....                  (no boots)
Stlth    ..........             (no amulet)
HPRegen  0.08/turn              (no ring)
MPRegen  0.08/turn              (no ring)

@: no status effects
A: no striking features
a: no special abilities


You were on level 2 of the Dungeon.
You were not hungry.

You visited 1 branch of the dungeon, and saw 2 of its levels.

You collected 26 gold pieces.

Inventory:

Hand Weapons
 a - a +0 rapier (weapon)
Missiles
 m - 41 arrows
 o - 31 stones (quivered)
Armour
 b - a +0 scale mail (worn)
 c - a +0 shield (worn)
 j - a +0 chain mail
 n - a +1 leather armour of fire resistance
Scrolls
 e - a scroll of remove curse {unknown}
 g - a scroll of immolation {unknown}
 h - 4 scrolls of identify {unknown}
 l - a scroll of magic mapping {unknown}
Potions
 d - a potion of might
 i - a potion of curing {unknown}
 k - a potion of ambrosia {unknown}
 p - a potion of resistance {unknown}
Comestibles
 f - 2 rations


   Skills:
 - Level 3.0 Fighting
 + Level 2.5 Short Blades
 - Level 3.0 Armour
 + Level 3.4 Shields


You had one spell level left.
You didn't know any spells.
Your spell library was empty.

Dungeon Overview and Level Annotations

Branches:
Dungeon (2/15)

Altars:

Annotations:
D:2 Sigmund


Message History

Deactivating autopickup; reactivate with Ctrl-A.
No target in view!
No target in view!
No target in view!
You closely miss something.
You hear some strange, mumbled words.
A magic dart appears from out of thin air!
The magic dart hits you. Something hits you but does no damage.
Something hits you.
Items here: ( )) † a +0 dagger; 5 stones; a +0 club; a rat corpse You hit something.
You hear some strange, mumbled words.
A magic dart appears from out of thin air!
The magic dart hits you!
You closely miss something. Something hits you but does no damage.
You puncture something! Something hits you but does no damage.
You hit something. Something hits you!
You die...

###.########.
.####....<.......
..........#######
####.#.#.#..
###.....#.#.#♣♣♣
#.......#.......
#.#.#.#.#....♣♣ #
#...#)#..##.#
#.#.#@{.....#
#######..#..#
............#
########......#
#...##.# ##.... #
#.... ....#
.#..P.


There were no monsters in sight!

Vanquished Creatures
  A dart slug (D:1)
  A leopard gecko (D:1)
  A goblin (D:2)
  2 hobgoblins (D:1)
  2 jackals (D:1)
  A frilled lizard (D:1)
  A kobold (D:2)
  3 rats
12 creatures vanquished.

Vanquished Creatures (others)
  A leopard gecko (D:2)
1 creature vanquished.

Grand Total: 13 creatures vanquished

Notes
Turn   | Place    | Note
-------+----------+-------------------------------------------
     0 | D:1      | wullow the Human Fighter began the quest for the Orb.
     0 | D:1      | Reached XP level 1. HP: 18/18 MP: 1/1
   220 | D:1      | Reached XP level 2. HP: 24/24 MP: 2/2
   609 | D:2      | Noticed Sigmund
   630 | D:2      | Slain by Sigmund

Levels and vault maps discovered:
D:1:      wheals_arrival_shading, layout_rooms, chequers_serial_rivers_micro_a
D:2:      layout_basic, grunt_temple_overflow_holy_war, serial_forest,
          infiniplex_forest_clump_double, infiniplex_forest_straight_3,
          infiniplex_forest_straight_3, infiniplex_forest_corner_1,
          infiniplex_forest_split, infiniplex_forest_straight_2,
          infiniplex_forest_fountain, infiniplex_forest_clump_C, st_stairs_3,
          uniq_sigmund

Action                   || total
-------------------------++-------
Melee: Rapier            ||    50
Armor: Scale mail        ||    32
Dodge: Dodged            ||    12
Block: Shield            ||    23

Table legend:
 A = Non-vault XP
 B = Vault XP
 C = Vault XP percentage of total XP
 D = Non-vault monster count
 E = Vault monster count
 F = Vault count percentage of total count
                 A         B        C        D         E       F
            +---------+---------+-------+---------+---------+-------
      Total |      22 |       0 |   0.0 |      12 |       0 |   0.0
            +---------+---------+-------+---------+---------+-------
        D:1 |      18 |       0 |   0.0 |       9 |       0 |   0.0
        D:2 |       4 |       0 |   0.0 |       3 |       0 |   0.0
            +---------+---------+-------+---------+---------+-------
